 Dungeon Crawl Stone Soup version 0.28.0-53-g5a82cb258f (webtiles) character file.

Game seed: 180112512084178347

4 shadowstone the Firebug (level 1, 0/10 HPs)
             Began as a Tengu Fire Elementalist on June 5, 2022.
             Slain by a hobgoblin (2 damage)
             ... on level 1 of the Dungeon.
             The game lasted 00:01:50 (690 turns).

shadowstone the Firebug (Tengu Fire Elementalist)    Turns: 690, Time: 00:01:51

Health: 0/10       AC:  2    Str:  8    XL:     1   Next: 70%
Magic:  4/4        EV: 12    Int: 15    God:
Gold:   0          SH:  0    Dex: 14    Spells: 3/4 levels left

rFire   . . .      SeeInvis .   b - +0 dagger
rCold   . . .      Faith    .   (no shield)
rNeg    . . .      Spirit   .   a - +0 robe
rPois   .          Reflect  .   (helmet restricted)
rElec   .          Harm     .   (no cloak)
rCorr   .          Rampage  .   (no gloves)
Will    .....                   (boots unavailable)
Stlth   +.........              (no amulet)
HPRegen 0.03/turn               (no ring)
MPRegen 0.09/turn               (no ring)

@: very slow
A: beak, talons 3
a: no special abilities


You were on level 1 of the Dungeon.
You visited 1 branch of the dungeon, and saw 1 of its levels.

Inventory:

Hand Weapons
 b - a +0 dagger (weapon)
Armour
 a - a +0 robe (worn)


   Skills:
 + Level 2.1 Dodging
 + Level 2.0 Stealth
 + Level 2.2 Spellcasting
 + Level 1.3 Conjurations
 + Level 3.4 Fire Magic


You had 3 spell levels left.
You knew the following spells:

 Your Spells              Type           Power      Damage    Failure   Level
a - Foxfire               Conj/Fire      32%        2x1d5     9%          1

Your spell library contained the following spells:

 Spells                   Type           Power      Damage    Failure   Level
 Scorch                   Fire           22%        2d6       9%          2
 Conjure Flame            Conj/Fire      8%         6-21      24%         3
 Inner Flame              Hex/Fire       6%         N/A       32%         3
 Flame Wave               Conj/Fire      8%         2d5       63%         4


Dungeon Overview and Level Annotations

Branches:
Dungeon (1/15)

Altars:


Innate Abilities, Weirdness & Mutations

You have a beak for a mouth.
You have claws for feet.


Message History

The endoplasm jiggles.
The endoplasm freezes you.
You are frozen.
Ouch! That really hurt!
* * * LOW HITPOINT WARNING * * *
You hit the endoplasm.
You kill the endoplasm!
You start resting.
HP restored.
A ball python comes into view.
A hobgoblin comes into view.
You barely miss the ball python. Your peck misses the ball python.
The ball python closely misses you. The ball python misses you.
The ball python bites you. The ball python closely misses you.
You closely miss the ball python. You punch the ball python.
The ball python is moderately wounded.
The ball python misses you. x2
You barely miss the ball python. Your kick misses the ball python.
Your peck misses the ball python.
The ball python is moderately wounded.
The hobgoblin shouts!
The ball python bites you. The ball python grabs you.
The ball python constricts you.
You hit the ball python.
You kill the ball python!
A hobgoblin is nearby!
You enter the shallow water.
Moving in this stuff is going to be slow.
Why would you want to do that? The hobgoblin hits you.
* * * LOW HITPOINT WARNING * * *
You enter the shallow water.
Moving in this stuff is going to be slow.
Your unstable footing causes you to fumble your attack.
The hobgoblin hits you but does no damage.
Your unstable footing causes you to fumble your attack.
The hobgoblin barely misses you.
Your unstable footing causes you to fumble your attack.
The hobgoblin hits you.
You die...

####### ....... ###...
.......#############.....
................................
#...............................
#..............≈≈≈≈≈≈≈≈≈≈≈≈≈≈≈≈≈
#..............≈≈≈≈≈≈≈≈≈≈≈≈≈≈≈≈≈
#.............g@≈≈≈≈≈≈≈≈≈≈≈≈≈≈≈≈
#..............≈≈≈#+#+#≈≈≈≈≈≈≈#'
#.........>....≈≈≈+ ##'###'##.
...............≈≈≈+ #.......#.
..##########...≈≈≈#+###.#####.#'
#...≈≈≈≈≈'...#...#...
##...≈≈≈≈≈#.###.<.'.⌠.
#....≈≈≈≈≈#.###...'.⌠.
#....≈≈≈≈≈'...#...#...


You could see a hobgoblin.

Vanquished Creatures
  2 ball pythons (D:1)
  An endoplasm (D:1)
  A frilled lizard (D:1)
4 creatures vanquished.

Notes
Turn   | Place    | Note
-------+----------+-------------------------------------------
     0 | D:1      | shadowstone the Tengu Fire Elementalist began the quest for
                  | the Orb.
     0 | D:1      | Reached XP level 1. HP: 10/10 MP: 4/4
   690 | D:1      | Slain by a hobgoblin

Illustrated notes

Levels and vault maps discovered:
D:1:      dpeg_arrival_castle, layout_basic,
          chequers_ecumenical_altar_simple_redux

Action                   || total
-------------------------++-------
Melee: Dagger            ||    11
       Unarmed           ||     6
       Kick              ||     2
       Peck              ||     1
       Punch             ||     1
Armor: Robe              ||     1
Dodge: Dodged            ||    12
